 Dungeon Crawl Stone Soup version 0.17.1-1-g73c8601 (webtiles) character file.

6500 yfast the Thaumaturge (level 10, 0/52 HPs)
             Began as a Deep Elf Conjurer on Jan 5, 2016.
             Was a Believer of Vehumet.
             Slain by a yak (5 damage)
             ... on level 9 of the Dungeon.
             The game lasted 03:52:47 (8457 turns).

yfast the Thaumaturge (Deep Elf Conjurer)           Turns: 8457, Time: 03:52:47

Health: 0/52       AC:  9    Str:  5    XL:     10   Next: 69%
Magic:  3/26       EV: 16    Int: 24    God:    Vehumet [**....]
Gold:   591        SH:  7    Dex: 15    Spells: 7 memorised, 12 levels left

rFire  . . .     SeeInvis +     e - +0 flail
rCold  . . .     Clarity  .     y - +3 leather armour
rNeg   + . .     SustAt   .     h - +2 buckler of the Untouchables {SInv}
rPois  .         Gourm    .     j - +0 helmet
rElec  .         Spirit   .     v - +0 cloak
rCorr  .         Warding  +     (no gloves)
rMut   .         Stasis   .     B - +0 pair of boots
MR     +....                    k - amulet of warding
Stlth  +++++.....               d - ring of stealth
                                E - ring of stealth

@: very slightly contaminated, invisible, somewhat resistant to hostile
enchantments, quite stealthy
A: repulsion field 1, blurry vision 1
a: Renounce Religion


You were on level 9 of the Dungeon.
You worshipped Vehumet.
Vehumet was pleased with you.
You were not hungry.

You visited 2 branches of the dungeon, and saw 11 of its levels.

You collected 591 gold pieces.

Inventory:

Hand Weapons
 e - a +0 flail (weapon)
 O - a +2 vampiric dagger
 R - a cursed -2 shortbow
Missiles
 f - 34 sling bullets (quivered)
 n - 328 stones
 w - 13 tomahawks
 G - 45 poisoned needles
 H - 57 arrows
 Q - 6 large rocks
 V - 10 arrows of dispersal
Armour
 a - a +0 gold dragon armour
 h - the +2 buckler of the Untouchables (worn) {SInv}
   (You acquired it on level 6 of the Dungeon)

   It lets you see invisible.
 j - a +0 helmet (worn)
 v - a +0 cloak (worn)
 y - a +3 leather armour (worn)
 B - a +0 pair of boots (worn)
 L - a +2 chain mail of poison resistance
 P - a troll hide
Jewellery
 d - a ring of stealth (right hand)
 k - an amulet of warding (around neck)
 x - an uncursed ring of positive energy
 E - a ring of stealth (left hand)
Wands
 l - a wand of cold (0)
 q - a wand of fire (0)
 A - a wand of magic darts (21)
Scrolls
 i - a scroll of magic mapping
 p - 7 scrolls of remove curse
 r - 2 scrolls of amnesia
 C - 3 scrolls of identify
 I - a scroll of fear
 J - a scroll of fog
 K - a scroll of enchant weapon
Potions
 g - a potion of flight
 o - a potion of ambrosia
 s - 2 potions of resistance
 t - a potion of haste
 u - 2 potions of agility
 D - 7 potions of curing
 F - a potion of invisibility
 M - a potion of lignification
 S - a potion of cancellation {unknown}
Books
 b - a book of Conjurations

   Spells                             Type                      Level
   a - Magic Dart                     Conjuration                  1
   b - Searing Ray                    Conjuration                  2
   c - Dazzling Spray                 Conjuration/Hexes            3
   d - Fulminant Prism                Conjuration/Hexes            4
   e - Iskenderun's Mystic Blast      Conjuration                  4
   f - Iskenderun's Battlesphere      Conjuration/Charms           5
Comestibles
 c - 6 bread rations
 m - 3 beef jerkies
 z - a meat ration
 N - 9 slices of pizza
 T - 4 chunks of flesh


   Skills:
 + Level 1.0 Fighting
 + Level 3.5 Armour
 + Level 6.3 Dodging
 + Level 7.0 Stealth
 - Level 4.0 Shields
 * Level 10.4 Spellcasting
 + Level 9.1 Conjurations
 + Level 9.2 Hexes
 + Level 1.6 Fire Magic
 + Level 1.3 Air Magic


You had 12 spell levels left.
You knew the following spells:

 Your Spells              Type           Power        Failure   Level  Hunger
a - Magic Dart            Conj           ####         1%          1    None
b - Dazzling Spray        Conj/Hex       ######..     1%          3    None
c - Searing Ray           Conj           ######       1%          2    None
d - Fulminant Prism       Conj/Hex       ######....   1%          4    None
e - Shock                 Conj/Air       ####         1%          1    None
f - Iskenderun's Mystic   Conj           ######..     1%          4    None
g - Throw Flame           Conj/Fire      #####.       1%          2    None


Dungeon Overview and Level Annotations

Branches:
Dungeon (10/15)            Temple (1/1) D:6            Lair (0/8) D:9
    Orc: D:9-12

Altars:
Ashenzari
Cheibriados
Dithmenos
Elyvilon
Fedhas
Gozag
Kikubaaqudgha
Makhleb
Nemelex Xobeh
Okawaru
Qazlal
Ru
Sif Muna
Trog
Vehumet
Xom
Yredelemnul
Zin
The Shining One


Innate Abilities, Weirdness & Mutations

You are surrounded by a mild repulsion field (EV +2).
Scrolls take you a little longer to read.


Message History

* * * LOW HITPOINT WARNING * * *
You fade into invisibility!
The yak closely misses you.
You are very lightly contaminated with residual magic.
The ogre is no longer blind.
You block the yak's attack. You block the ogre's attack.
You climb downwards.
The yak gores you but does no damage.
There is a stone staircase leading up here.
You can't go down here!
The yak is no longer blind.
The yak gores you!
* * * LOW HITPOINT WARNING * * *
The yak closely misses you. The ogre barely misses you.
You climb upwards.
There is a stone staircase leading down, spattered with blood here.
Unknown command.
Really read with blurry vision while enemies are nearby?
Uppercase [Y]es or [N]o only, please.
Really read with blurry vision while enemies are nearby?
You block the yak's attack. The yak gores you.
You die...

.............).#.#
............)..#.#
##.............#.#
#....######'#...#
###### #.##..#
#######.##..#
#.......##O.#
#.########YY# #.#
##@# #.# ### #.#
#.# #.# ###.#
#...# #.### #.#


You could see 2 yaks and an ogre.

Vanquished Creatures
  A cyclops (D:9)
  Maurice (D:8)
  2 trolls
  A two-headed ogre (D:8)
  Prince Ribbit (D:6)
  7 yaks
  2 deep elf fighters (D:9)
  The ghost of Mysteryquy the Slasher, an amateur HOFi (D:3)
  A hungry ghost (D:8)
  A sky beast (D:7)
  7 ogres
  2 orc warriors
  An ice beast (D:9)
  4 phantoms
  2 black bears (D:9)
  4 centaurs
  8 giant frogs
  5 scorpions
  A crimson imp (D:8)
  A quasit (D:9)
  A jelly (D:6)
  4 hounds
  A giant frog skeleton (D:9)
  2 orc wizards
  3 orc priests
  2 iguanas (D:5)
  5 worker ants
  A killer bee zombie (D:8)
  A worker ant zombie (D:6)
  Robin (D:4)
  A gnoll (D:4)
  2 river rats (D:9)
  10 adders
  A shadow imp (D:5)
  A worm (D:2)
  6 giant geckos
  30 orcs
  6 ball pythons
  14 bats
  7 giant cockroaches
  2 gnoll zombies (D:5)
  20 goblins
  6 hobgoblins
  6 jackals (D:2)
  2 kobolds
  2 quokkas (D:3)
  4 giant newts
  12 rats
  2 fungi (D:9)
208 creatures vanquished.

Vanquished Creatures (others)
  A centaur zombie (D:6)
  68 fulminant prisms
  7 fungi (D:9)
76 creatures vanquished.

Grand Total: 284 creatures vanquished

Notes
Turn   | Place    | Note
--------------------------------------------------------------
     0 | D:1      | yfast the Deep Elf Conjurer began the quest for the Orb.
     0 | D:1      | Reached XP level 1. HP: 10/10 MP: 6/6
   230 | D:1      | Reached XP level 2. HP: 15/15 MP: 4/8
   652 | D:2      | Reached XP level 3. HP: 19/19 MP: 7/11
   752 | D:2      | Reached skill level 5 in Spellcasting
   812 | D:2      | Learned a level 3 spell: Dazzling Spray
   815 | D:2      | Learned a level 2 spell: Searing Ray
  1384 | D:2      | Found an opulent altar of Gozag.
  1384 | D:2      | Found a deep blue altar of Sif Muna.
  1473 | D:2      | Found a blossoming altar of Fedhas.
  1480 | D:2      | Gained mutation: Scrolls take you a little longer to read. [potion of mutation]
  1480 | D:2      | Gained mutation: You are surrounded by a mild repulsion field (EV +2). [potion of mutation]
  1535 | D:3      | Noticed Mysteryquy's ghost (amateur HOFi)
  2125 | D:3      | Reached XP level 4. HP: 22/24 MP: 7/13
  2150 | D:3      | Learned a level 4 spell: Fulminant Prism
  2192 | D:3      | Reached skill level 1 in Hexes
  2319 | D:3      | Reached skill level 5 in Conjurations
  2446 | D:3      | Killed Mysteryquy's ghost
  2446 | D:3      | Reached skill level 6 in Spellcasting
  2446 | D:3      | Reached XP level 5. HP: 28/28 MP: 13/15
  2559 | D:4      | Found a shadowy altar of Dithmenos.
  2640 | D:4      | Reached XP level 6. HP: 32/32 MP: 10/17
  2680 | D:4      | Noticed an ogre
  2684 | D:4      | Killed an ogre
  2737 | D:4      | Found a sacrificial altar of Ru.
  2744 | D:4      | Noticed an ogre
  2779 | D:4      | Killed an ogre
  2779 | D:4      | Reached skill level 1 in Armour
  2842 | D:4      | You fall through a shaft for 3 floors!
  2847 | D:7      | Reached XP level 7. HP: 36/36 MP: 4/19
  2962 | D:6      | Reached skill level 1 in Shields
  3165 | D:5      | Entered Level 5 of the Dungeon
  3181 | D:5      | Reached skill level 7 in Spellcasting
  3576 | D:4      | Noticed a phantom
  3584 | D:4      | Killed a phantom
  3584 | D:4      | Reached XP level 8. HP: 41/41 MP: 12/21
  3757 | D:4      | Found a shattered altar of Ashenzari.
  3768 | D:4      | Noticed Robin
  4052 | D:4      | Killed Robin
  4367 | D:5      | Reached skill level 5 in Hexes
  4407 | D:5      | Reached skill level 8 in Spellcasting
  4551 | D:5      | Found a basalt altar of Yredelemnul.
  4925 | D:6      | Found a staircase to the Ecumenical Temple.
  4948 | Temple   | Entered the Ecumenical Temple
  4990 | Temple   | Became a worshipper of Vehumet
  5176 | D:6      | Found a snail-covered altar of Cheibriados.
  5180 | D:6      | Identified a scroll of acquirement
  5180 | D:6      | Got an encrusted buckler
  5191 | D:6      | Identified the +2 buckler of the Untouchables {SInv} (You acquired it on level 6 of the Dungeon)
  5377 | D:6      | Noticed Prince Ribbit
  5412 | D:6      | Killed Prince Ribbit
  5412 | D:6      | Reached skill level 5 in Stealth
  5412 | D:6      | Reached XP level 9. HP: 34/45 MP: 0/23
  5536 | D:7      | Reached skill level 9 in Spellcasting
  6369 | D:8      | Reached * piety under Vehumet
  6369 | D:8      | Offered knowledge of Shock by Vehumet.
  6389 | D:8      | Learned a level 1 spell: Shock
  6395 | D:8      | Reached skill level 5 in Dodging
  6569 | D:8      | Noticed Maurice
  6587 | D:8      | Killed Maurice
  6707 | D:8      | Reached skill level 10 in Spellcasting
  6713 | D:8      | Learned a level 4 spell: Iskenderun's Mystic Blast
  6851 | D:8      | Found a shadowy altar of Dithmenos.
  6970 | D:8      | Reached XP level 10. HP: 50/50 MP: 22/26
  7642 | D:9      | Reached ** piety under Vehumet
  7642 | D:9      | Offered knowledge of Throw Flame by Vehumet.
  7646 | D:9      | Learned a level 2 spell: Throw Flame
  7921 | D:9      | Found a stormy altar of Qazlal.
  7927 | D:9      | Found a staircase to the Lair.
  8076 | D:9      | Noticed a cyclops
  8083 | D:9      | Killed a cyclops
  8127 | D:9      | Offered knowledge of Inner Flame by Vehumet.
  8205 | D:9      | Found a glowing silver altar of Zin.
  8207 | D:9      | Found a white marble altar of Elyvilon.
  8209 | D:9      | Found a glowing golden altar of the Shining One.
  8240 | D:10     | Entered Level 10 of the Dungeon
  8327 | D:10     | Reached skill level 1 in Air Magic
  8339 | D:10     | Reached skill level 1 in Fire Magic
  8419 | D:10     | Reached skill level 1 in Fighting
  8457 | D:9      | Slain by a yak

Action                   |  1- 3 |  4- 6 |  7- 9 | 10-12 || total
-------------------------+-------+-------+-------+-------++-------
Melee: Flail             |       |       |    10 |    10 ||    20
 Cast: Magic Dart        |    83 |    32 |    76 |    43 ||   234
       Searing Ray       |     4 |    11 |    32 |    11 ||    58
       Dazzling Spray    |     3 |     1 |    24 |    14 ||    42
       Fulminant Prism   |       |       |    44 |    24 ||    68
       Shock             |       |       |     6 |    10 ||    16
       Iskenderun's Myst |       |       |       |     4 ||     4
       Throw Flame       |       |       |       |     3 ||     3
Evoke: Wand              |       |     4 |     6 |     2 ||    12
  Use: Scroll            |     9 |     1 |    10 |     2 ||    22
       Potion            |     2 |       |     5 |     1 ||     8
 Stab: Invisible         |       |       |     2 |       ||     2
  Eat: Chunk             |     1 |       |     5 |     5 ||    11
       Bread ration      |     1 |       |       |       ||     1
       Meat ration       |       |       |     2 |       ||     2
